 Dungeon Sprint DCSS version 0.17-a0-1805-g6093636 (webtiles) character file.

761 nuthulu the Fighter (level 7, -3/52 HPs)
             Began as a Gargoyle Berserker on Sept 12, 2015.
             Was a High Priest of Trog.
             Slain by a shadow (20 damage)
             ... in the Dungeon (Sprint III: "The Ten Rune Challenge").
             The game lasted 00:02:55 (823 turns).

nuthulu the Fighter (Gargoyle Berserker)             Turns: 823, Time: 00:02:56

Health: -3/52      AC: 13    Str: 22    XL:     7   Next: 80%
Magic:  7/7        EV: 14    Int:  8    God:    Trog [*****.]
Gold:   20         SH:  0    Dex: 11    Spells: 0 memorised, 6 levels left

rFire  . . .     SeeInvis .     a - +0 mace
rCold  . . .     Clarity  .     c - +0 ring mail
rNeg   + . .     SustAt   .     (no shield)
rPois  ∞         Gourm    .     (no helmet)
rElec  +         Spirit   .     j - +0 cloak
rCorr  .         Warding  .     (no gloves)
rMut   .         NoTele   +     (no boots)
MR     ++...                    (no amulet)
Stlth  +.........               (no ring)
                                (no ring)

@: regenerating, very resistant to hostile enchantments, very unstealthy
A: negative energy resistance 1, electricity resistance, strong 1, unbreathing,
petrification resistance, rot immunity, AC +4
a: Burn Spellbooks, Berserk, Trog's Hand, Brothers in Arms, Renounce Religion


You were in the Dungeon.
You worshipped Trog.
Trog was extremely pleased with you.
You were not hungry.

You visited 1 branch You collected 20 gold pieces.

Inventory:

Hand weapons
 a - a +0 mace (weapon)
Missiles
 k - 3 tomahawks of dispersal
 n - 8 exploding tomahawks (quivered)
Armour
 b - a +0 animal skin
 c - a +0 ring mail (worn)
 j - a +0 cloak (worn)
Magical devices
 p - a wand of random effects (22)
Scrolls
 i - a scroll of blinking
 m - a scroll of torment
 o - 3 scrolls of remove curse
Potions
 d - a potion of curing
 e - a potion of heal wounds
 f - 2 potions of haste
 g - 3 potions of magic
 h - a potion of berserk rage
 l - a potion of mutation
 r - 2 potions of flight


   Skills:
 + Level 9.6 Fighting
 + Level 9.0 Maces & Flails
 + Level 9.4 Armour
 + Level 7.1 Dodging


You had 6 spell levels left.
You didn't know any spells.

Dungeon Overview and Level Annotations

Branches:
Dungeon (1/1)

Altars:
Cheibriados
Elyvilon
Fedhas
Kikubaaqudgha
Okawaru
Sif Muna
Trog
Vehumet
Yredelemnul
Zin
The Shining One


Innate Abilities, Weirdness & Mutations

You are resistant to torment.
Your stone body is resilient (AC +4).
You are immune to poison.
You resist negative energy.
You are resistant to electric shocks.
You can survive without breathing.
You are immune to petrification.
You are immune to rotting.
Your muscles are strong. (Str +2)


Message History

The shadow is severely damaged.
The shadow hits you.
You barely miss the shadow.
The shadow is severely damaged.
You hit the shadow but do no damage.
The shadow is severely damaged.
The shadow hits you!
* * * LOW HITPOINT WARNING * * *
You closely miss the shadow.
The shadow is severely damaged.
The shadow barely misses you.
Use which ability?
Your skin crawls.
You feel resistant to hostile enchantments.
You feel slightly more hungry.
The shadow slips into darkness.
The shadow flickers and vanishes!
Deactivating autopickup; reactivate with Ctrl-A.
The shadow strikes at you from the darkness!
You die...

▓▓▓ ##
##.############
.#####..#___#__.#__#
..#..#..#)..#..)#)_#
..#..#..###'#'###+##
..##'#..#..........#
).###...'.⌠.....@..#
.####...#...######J#
.###....#.⌠.# #...#
.##.....#...# #...#
.#......#(### #...#
#.#.....#)).# #..%+
####....#___# +...#
▓▓▓▓▓▓▓▓▓▓ ▓▓▓▓▓


You could see a jelly.

Vanquished Creatures
  A deep elf priest (D)
  A necrophage (D)
  A water elemental (D)
  A wizard (D)
  Crazy Yiuf (D)
  A necromancer (D)
  A kobold demonologist (D)
  3 humans (D)
  An ooze (D)
  3 rats (D)
14 creatures vanquished.

Vanquished Creatures (others)
  2 draconian scorchers (D)
  A yaktaur (D)
3 creatures vanquished.

Grand Total: 17 creatures vanquished

Notes
Turn   | Place    | Note
--------------------------------------------------------------
     0 | D        | nuthulu the Gargoyle Berserker began the quest for the Orb.
     0 | D        | Reached XP level 1. HP: 14/14 MP: 1/1
    13 | D        | Acquired Trog's second power
    39 | D        | Killed a yaktaur
    91 | D        | Reached XP level 2. HP: 20/20 MP: 2/2
   135 | D        | Noticed Crazy Yiuf
   147 | D        | Killed Crazy Yiuf
   147 | D        | Reached skill level 4 in Fighting
   147 | D        | Reached XP level 3. HP: 20/24 MP: 3/3
   155 | D        | Reached skill level 5 in Fighting
   172 | D        | Killed a white draconian scorcher
   175 | D        | Killed a white draconian scorcher
   344 | D        | Gained mutation: Armour fits poorly on your strangely shaped body. [potion of mutation]
   344 | D        | Gained mutation: Your muscles are strong. (Str +2) [potion of mutation]
   344 | D        | Gained mutation: Your body sometimes deteriorates upon taking damage. [potion of mutation]
   345 | D        | Gained mutation: You are partially covered in large bone plates (AC +2, SH +2). [potion of mutation]
   345 | D        | Gained mutation: You are dopey. (Int -2) [potion of mutation]
   346 | D        | Lost mutation: You are dopey. (Int -2) [potion of cure mutation]
   346 | D        | Lost mutation: Your body sometimes deteriorates upon taking damage. [potion of cure mutation]
   346 | D        | Lost mutation: You are partially covered in large bone plates (AC +2, SH +2). [potion of cure mutation]
   346 | D        | Lost mutation: Armour fits poorly on your strangely shaped body. [potion of cure mutation]
   371 | D        | Noticed a water elemental
   379 | D        | Killed a water elemental
   379 | D        | Reached skill level 6 in Fighting
   379 | D        | Reached skill level 5 in Maces & Flails
   379 | D        | Reached skill level 5 in Armour
   379 | D        | Reached XP level 4. HP: 20/32 MP: 4/4
   430 | D        | Found a radiant altar of Vehumet.
   431 | D        | Found a deep blue altar of Sif Muna.
   431 | D        | Found an ancient bone altar of Kikubaaqudgha.
   431 | D        | Noticed a wizard
   437 | D        | Killed a wizard
   437 | D        | Reached XP level 5. HP: 37/37 MP: 5/5
   438 | D        | Received a gift from Trog
   446 | D        | Acquired Trog's third power
   448 | D        | Received a gift from Trog
   474 | D        | Found a glowing silver altar of Zin.
   474 | D        | Found a glowing golden altar of the Shining One.
   474 | D        | Found a white marble altar of Elyvilon.
   475 | D        | Noticed a deep elf priest
   485 | D        | Killed a deep elf priest
   485 | D        | Received a gift from Trog
   485 | D        | Reached skill level 8 in Fighting
   485 | D        | Reached skill level 5 in Dodging
   485 | D        | Reached XP level 6. HP: 44/44 MP: 6/6
   535 | D        | Found a basalt altar of Yredelemnul.
   535 | D        | Found a snail-covered altar of Cheibriados.
   535 | D        | Found a blossoming altar of Fedhas.
   535 | D        | Noticed a necrophage
   535 | D        | Noticed a necromancer
   543 | D        | Killed a necrophage
   543 | D        | Reached XP level 7. HP: 46/50 MP: 7/7
   552 | D        | Killed a necromancer
   610 | D        | Found an iron altar of Okawaru.
   610 | D        | Found a bloodstained altar of Trog.
   610 | D        | Noticed a human
   611 | D        | Noticed a human
   645 | D        | Killed a human
   645 | D        | Reached skill level 9 in Fighting
   646 | D        | Killed a human
   810 | D        | Noticed a jelly
   811 | D        | Noticed a shadow
   823 | D        | Slain by a shadow

Vault maps used:
D:        dungeon_sprint_mu

Action                   |  1- 3 |  4- 6 |  7- 9 || total
-------------------------+-------+-------+-------++-------
Melee: Mace              |    26 |    21 |    33 ||    80
Invok: Berserk           |     2 |     2 |     1 ||     5
       Trog's Hand       |     2 |     1 |     3 ||     6
       Burn Spellbooks   |       |     2 |       ||     2
  Use: Scroll            |     4 |       |       ||     4
       Potion            |     3 |       |       ||     3
 Stab: Sleeping          |     1 |       |       ||     1
  Eat: Royal jelly       |       |     2 |       ||     2
       Bread ration      |       |       |     1 ||     1
